 Dungeon Crawl Stone Soup version 0.31-a0-486-g8d68a81214 (webtiles) character file.

Game seed: 6773068799250293118

135 ytrimaz the Ruffian (level 4, 0/32 HPs)
             Began as a Demonspawn Shapeshifter on Aug 7, 2023.
             Slain by an orc wizard
             ... wielding a +0 dagger
              (3 damage)
             ... on level 3 of the Dungeon.
             The game lasted 00:02:07 (1958 turns).

ytrimaz the Ruffian (Demonspawn Shapeshifter)       Turns: 1958, Time: 00:02:07

Health: 0/32       AC: 10    Str: 17    XL:     4   Next: 96%
Magic:  4/4        EV:  5    Int:  9    God:
Gold:   163        SH:  0    Dex: 14    Spells: 3/3 levels left

rFire   . .          .
                       - Unarmed
rCold   . . .        (no shield)
rNeg    . . .        k - +0 plate armour
rPois   .            (helmet currently unavailable)
rElec   .            (cloak currently unavailable)
rCorr   .            (gloves currently unavailable)
SInv    .            (boots currently unavailable)
Will    .....        (no amulet) Stlth
                     (no ring)
HPRegen 0.25/turn    (no ring)
MPRegen 0.09/turn

%: no passive effects
@: confused, beast-form
A: beast (slay +2), claws 1, condensation shield
a: Begin Untransformation


You were on level 3 of the Dungeon.
You were a hulking beast.
You visited 1 branch of the dungeon, and saw 3 of its levels.

You collected 163 gold pieces.


Innate Abilities, Weirdness & Mutations

You are a hulking beast.
Your limbs bulge with bestial killing power. (Slay +2)
You have sharp fingernails.
A meltable shield of frost defends you. (SH +0)


   Skills:
 - Level 1.0 Fighting
 - Level 1.7 Dodging
 * Level 4.5 Unarmed Combat
 + Level 3.4 Shapeshifting


You had 3 spell levels left.
You didn't know any spells.
Your spell library contained the following spells:

 Spells                   Type           Power      Damage    Failure   Level
 Lesser Beckoning         Tloc           0%         N/A       100%        2
 Gell's Gravitas          Tloc           0%         N/A       100%        3
 Teleport Other           Tloc           0%         N/A       100%        3

Inventory:

Armour
 a - a +0 animal skin
 f - a +2 cloak
   (You found it on level 1 of the Dungeon)
 k - a +0 plate armour (worn)
   (You found it on level 2 of the Dungeon)
Jewellery
 e - a ring of see invisible
   (You found it on level 1 of the Dungeon)
Talismans
 c - a beast talisman (active)
Scrolls
 d - a scroll of noise
 h - a scroll of blinking {unknown}
 i - a scroll of identify {unknown}
 j - a scroll of poison {unknown}
Potions
 b - a potion of lignification
 g - a potion of heal wounds {unknown}
 l - a potion of attraction {unknown}

Dungeon Overview and Level Annotations

Branches:
Dungeon (3/15) Zot: 16052

Altars:

....... ##....!..
#######........
......#......
.......)..#
##...).#.##... #.
#...#......... #.
##.#.#..#.[###.
#.####....#h###.#
#.........{.# ...
##........### #.#
#####....<....#
.#
..............# #
.....###.....##
>.....##.....#
#....#####
####.##


There were no monsters in sight!


Message History

Your condensation shield dissipates!
You are too injured to fight recklessly!
You scratch the goblin. The goblin barely misses you.
Unknown command.
You are too injured to fight recklessly!
You claw the goblin!
You kill the goblin!
You scratch something but do no damage.
You are too injured to fight recklessly! 😮 HP[+1]
You scratch the orc. Something hits you.
The orc hits you but does no damage. 😮 HP[-1]
You take 1 damage, and now have 23/32 hp.
You are too injured to fight recklessly!
You scratch the orc.
You kill the orc!
Something hits you. 😮 HP[-3]
You take 3 damage, and now have 20/32 hp.
Unknown command.
You are too injured to fight recklessly!
You barely miss the white imp. You scratch the white imp.
Something completely misses you. The white imp hits you.
The white imp freezes you.
* * * LOW HITPOINT WARNING * * *
😨 HP[-5]
You take 5 damage, and now have 15/32 hp.
You are too injured to fight recklessly!
You claw the white imp!
You kill the white imp!
Something hits you.
* * * LOW HITPOINT WARNING * * *
😨 HP[-2]
You take 2 damage, and now have 13/32 hp.
You are too injured to fight recklessly!
Unknown command.
You closely miss the kobold. The kobold hits you but does no damage.
Something hits you but does no damage.
You claw the kobold!
You kill the kobold!
Something hits you but does no damage.
You hear some strange, mumbled words.
A magic dart appears from out of thin air!
The magic dart hits you but does no damage.
Items here: ( ))) [. 😨 HP[+1]
There is a strange disturbance nearby!
There is a strange disturbance nearby!
You barely miss something. Something hits you.
* * * LOW HITPOINT WARNING * * *
😨 HP[-2]
You take 2 damage, and now have 12/32 hp.
You barely miss something.
You hear some strange, mumbled words.
You are confused.
You closely miss something. Something hits you but does no damage.
You barely miss something.
Something hits you but does no damage. 😨 HP[+1] Unknown command.
Something hits you but does no damage.
You bump into the rock wall.
Something hits you but does no damage.
Unknown command.
You're too confused to move!
Something hits you but does no damage.
You closely miss something. Something hits you but does no damage.
You bump into the rock wall.
Something hits you but does no damage. 😨 HP[+1] Unknown command.
You bump into the rock wall.
You feel less confused.
You hear some strange, mumbled words.
A puff of flame appears from out of thin air!
The puff of flame hits you!
* * * LOW HITPOINT WARNING * * *
😱 HP[-7]
You take 7 damage, and now have 7/32 hp.
MASSIVE DAMAGE!! (PAUSE)
You closely miss something. Something hits you.
* * * LOW HITPOINT WARNING * * *
😱 HP[-3]
You take 3 damage, and now have 4/32 hp.
You scratch something. Something hits you but does no damage.
You scratch something.
Something hits you but does no damage. 😱 HP[+1] Unknown command.
You scratch something.
You hear some strange, mumbled words.
Something tries to affect you, but you resist.
You closely miss something.
You hear some strange, mumbled words.
You are confused.
You bump into the rock wall.
Something hits you.
* * * LOW HITPOINT WARNING * * *
😱 HP[-3]
You take 3 damage, and now have 2/32 hp.
Unknown command.
You bump into the rock wall.
Something hits you but does no damage. 😱 HP[+1]
Something hits you.
You die...

Skill      XL: |  1  2  3 |
---------------+----------+-----
Unarmed Combat | 3 4 |  4.5
Shapeshifting  | 3 |  3.4
Fighting       | |  1.0
Dodging        | |  1.7

Action                     |  1- 3 |  4- 6 || total
---------------------------+-------+-------++-------
  Melee: Unarmed           |   106 |    52 ||   158
         Punch             |     6 |       ||     6
    Use: Scroll            |     2 |       ||     2
   Stab: Sleeping          |     3 |       ||     3
 Armour: Animal skin       |    15 |       ||    15
         Plate armour      |    21 |    50 ||    71
  Dodge: Dodged            |    59 |    12 ||    71
  Block: Other             |       |     9 ||     9

Levels and vault maps discovered:
D:1:      heliophobic_arrival_henge, layout_loops_ring, minmay_pentomino_s4
D:2:      minmay_chambers_of_twos, layout_basic, ebering_ecumenical_altar_webs,
          minmay_misc_feat_plants, st_stairs_13
D:3:      layout_rooms, zin_scriptorium

Notes
Turn   | Place    | Note
-------+----------+-------------------------------------------
     0 | D:1      | ytrimaz the Demonspawn Shapeshifter began the quest for the
                  | Orb.
     0 | D:1      | Reached XP level 1. HP: 15/15 MP: 1/1
     0 | D:1      | magus.rc [v1.9.6]
   172 | D:1      | Reached skill level 3 in Unarmed Combat
   196 | D:1      | Gained mutation: You have sharp fingernails. [demonic
                  | ancestry]
   196 | D:1      | Reached XP level 2. HP: 21/21 MP: 2/2
   523 | D:1      | Reached skill level 3 in Shapeshifting
   527 | D:1      | Reached XP level 3. HP: 26/26 MP: 3/3
  1053 | D:2      | Found a faded altar of an unknown god.
  1211 | D:2      | You pick up a book of Displacement and begin reading...
  1211 | D:2      | You add the spells Lesser Beckoning, Gell's Gravitas and
                  | Teleport Other to your library.
  1540 | D:2      | Reached skill level 4 in Unarmed Combat
  1540 | D:2      | Gained mutation: A meltable shield of frost defends you.
                  | (SH +0) [demonic ancestry]
  1540 | D:2      | Reached XP level 4. HP: 17/32 MP: 4/4
  1950 | D:3      | HP: 7/32 [something/puff of flame (7)]
  1956 | D:3      | HP: 2/32 [something (3)]
  1958 | D:3      | Slain by an orc wizard

Vanquished Creatures
  A gnoll (D:2)
  4 adders (D:2)
  A white imp (D:3)
  2 dart slugs
  2 worms (D:2)
  3 orcs (D:3)
  4 ball pythons
  13 bats
  3 endoplasms
  5 giant cockroaches
  4 goblins
  7 hobgoblins
  A quokka (D:2)
  8 frilled lizards
  5 kobolds
  7 rats
70 creatures vanquished.

Table legend:
 A = Non-vault XP
 B = Vault XP
 C = Vault XP percentage of total XP
 D = Non-vault monster count
 E = Vault monster count
 F = Vault count percentage of total count
                 A         B        C        D         E       F
            +---------+---------+-------+---------+---------+-------
      Total |     126 |      67 |  34.7 |      58 |      12 |  17.1
            +---------+---------+-------+---------+---------+-------
        D:1 |      40 |       7 |  14.9 |      25 |       3 |  10.7
        D:2 |      62 |      60 |  49.2 |      26 |       9 |  25.7
        D:3 |      24 |       0 |   0.0 |       7 |       0 |   0.0
            +---------+---------+-------+---------+---------+-------

Skill      XL: |  1  2  3 |
---------------+----------+-----
Unarmed Combat | 3 4 |  4.5
Shapeshifting  | 3 |  3.4
Fighting       | |  1.0
Dodging        | |  1.7

Action                     |  1- 3 |  4- 6 || total
---------------------------+-------+-------++-------
  Melee: Unarmed           |   106 |    52 ||   158
         Punch             |     6 |       ||     6
    Use: Scroll            |     2 |       ||     2
   Stab: Sleeping          |     3 |       ||     3
 Armour: Animal skin       |    15 |       ||    15
         Plate armour      |    21 |    50 ||    71
  Dodge: Dodged            |    59 |    12 ||    71
  Block: Other             |       |     9 ||     9

Illustrated notes

Table legend:
 A = Kills in this place as a percentage of kills in the entire game.
 B = Kills by you in this place as a percentage of kills by you in the entire game.
 C = Kills by friends in this place as a percentage of kills by friends in the entire game.
 D = Other kills in this place as a percentage of other kills in the entire game.
 E = Experience gained in this place as a percentage of experience gained in the entire game.
 F = Experience gained in this place divided by the number of levels of this place that you have seen.
                   A       B       C       D       E      F
               +-------+-------+-------+-------+-------+----------------------
         Total | 100.0 | 100.0 |   N/A |   N/A | 100.0 |  64.3
       Dungeon | 100.0 | 100.0 |   N/A |   N/A | 100.0 |  64.3
               +-------+-------+-------+-------+-------+----------------------

Table legend: (Time is in decaauts)
 A = Elapsed time spent in this place.
 B = Non-inter-level travel time spent in this place.
 C = Inter-level travel time spent in this place.
 D = Time resting spent in this place.
 E = Time spent auto-exploring this place.
 F = Levels seen in this place.
 G = Mean time per level.
                   A        B        C        D        E       F      G
               +--------+--------+--------+--------+--------+-----+--------+
         Total |   1946 |   1913 |     33 |     44 |   1439 |   3 |  648.7 |
       Dungeon |   1946 |   1913 |     33 |     44 |   1439 |   3 |  648.7 |
               +--------+--------+--------+--------+--------+-----+--------+

Top non-repeatable levels by time:
     D:2: 1021 daAuts
     D:1: 861 daAuts
     D:3: 63 daAuts
